 Dungeon Crawl Stone Soup version 0.22-a0-447-gee5f723 (webtiles) character file.

53 xccam the Changer (level 3, -3/28 HPs)
             Began as a Draconian Transmuter on June 3, 2018.
             Slain by an iguana (4 damage)
             ... on level 3 of the Dungeon.
             The game lasted 00:04:09 (2351 turns).

xccam the Changer (Draconian Transmuter)            Turns: 2351, Time: 00:04:10

Health: -3/28      AC:  5    Str: 12    XL:     3   Next: 64%
Magic:  7/7        EV: 12    Int: 14    God:
Gold:   79         SH:  0    Dex: 11    Spells: 5/8 levels left

rFire    . . .     SeeInvis .     - Unarmed
rCold    . . .     Gourm    .   (no shield)
rNeg     . . .     Faith    .   (armour unavailable)
rPois    .         Spirit   .   (helmet currently unavailable)
rElec    .         Reflect  .   (no cloak)
rCorr    .         Harm     .   (no gloves)
MR       .....                  (no boots)
Stlth    ++........             (no amulet)
HPRegen  0.09/turn              i - ring of stealth
MPRegen  0.10/turn              (no ring)

@: appendage
A: unfitting armour, horns 3, talons 1, cold-blooded, AC +5
a: End Transformation


You were on level 3 of the Dungeon.
You were hungry.
You had grown temporary horns.
You visited 1 branch of the dungeon, and saw 3 of its levels.

You collected 79 gold pieces.

Inventory:

Missiles
 a - 26 arrows
Jewellery
 i - a ring of stealth (left hand)
Scrolls
 b - 2 scrolls of identify {unknown}
 e - a scroll of blinking {unknown}
 j - a scroll of teleportation {unknown}
Potions
 d - a potion of haste {unknown}
 h - a potion of flight {unknown}
Comestibles
 c - 6 rations


   Skills:
 + Level 1.1 Fighting
 - Level 1.7 Dodging
 + Level 3.0 Unarmed Combat
 + Level 3.0 Spellcasting
 + Level 3.1 Transmutations


You had 5 spell levels left.
You knew the following spells:

 Your Spells              Type           Power        Failure   Level  Hunger
a - Beastly Appendage     Tmut           ##....       6%          1    #......
b - Sticks to Snakes      Tmut           ##......     9%          2    ##.....

Your spell library contained the following spells:

 Spells                   Type           Power        Failure   Level  Hunger
 Spider Form              Tmut/Pois      #.........   32%         3    ###....
 Blade Hands              Tmut           ##........   85%         5    ######.
 Ice Form                 Ice/Tmut       #.......     73%         4    #####..


Dungeon Overview and Level Annotations

Branches:
Dungeon (3/15)

Altars:


Innate Abilities, Weirdness & Mutations

Your plain brown scales are hard. (AC +5)
You cannot fit into any form of body armour.
You are cold-blooded and may be slowed by cold attacks.
You have a pair of large horns on your head.
You have sharp toenails.


Message History

* * * LOW HITPOINT WARNING * * *
You feel better. The iguana closely misses you.
You barely miss the iguana.
The iguana is severely wounded.
The iguana bites you.
* * * LOW HITPOINT WARNING * * *
You closely miss the iguana.
You tail-slap the iguana, but do no damage.
The iguana is severely wounded.
The iguana bites you.
* * * LOW HITPOINT WARNING * * *
You hit the iguana.
You headbutt the iguana, but do no damage.
You tail-slap the iguana, but do no damage.
The iguana is severely wounded.
The iguana misses you.
It was a potion of mutation.
You feel extremely strange. The horns on your head grow some more.
Your toenails lengthen and sharpen.
The iguana bites you.
You die...

#.# #.# .# #.# .r #.#
#.# #.# ..# ####.# rl
##.##.##### .# ##
####.........###.#...##
+............@lr.......
####...#.###.###.#...##
##.##.# #.# .# ##
#.##.# #.# ..
#######.##.###.# ##.
#.(...†........# .#
##.######.#.##### #
#.........#.#
#..#####..#


You could see an iguana and a rat.

Vanquished Creatures
  2 worms (D:2)
  2 dart slugs (D:1)
  A leopard gecko (D:1)
  An orc (D:3)
  3 giant cockroaches
  5 goblins
  A hobgoblin (D:1)
  3 jackals
  4 kobolds
  5 bats
  4 frilled lizards
  8 rats
39 creatures vanquished.

Vanquished Creatures (collateral kills)
  2 worms (D:2)
  A kobold (D:2)
3 creatures vanquished.

Grand Total: 42 creatures vanquished

Notes
Turn   | Place    | Note
-------+----------+-------------------------------------------
     0 | D:1      | xccam the Draconian Transmuter began the quest for the Orb.
     0 | D:1      | Reached XP level 1. HP: 16/16 MP: 3/3
   123 | D:1      | Reached XP level 2. HP: 20/23 MP: 5/5
   127 | D:1      | Learned a level 2 spell: Sticks to Snakes
  1104 | D:2      | Reached XP level 3. HP: 28/28 MP: 2/7
  2349 | D:3      | HP: 1/28 [iguana (5)]
  2351 | D:3      | Gained mutation: You have a pair of large horns on your head. [potion of mutation]
  2351 | D:3      | Gained mutation: You have sharp toenails. [potion of mutation]
  2351 | D:3      | Slain by an iguana

Vault maps used:
D:1:      denvon_arrival_planthouse, hangedman_abyss_or_decor_lesser_grid,
          feat_on_display
D:2:      minmay_misc_feat_diagonals, minmay_octomino_j4

Skill      XL: |  1  2  3 |
---------------+----------+-----
Transmutations | 3 |  3.1
Spellcasting   | 3 |  3.0
Fighting       | |  1.1
Dodging        | |  1.7
Unarmed Combat | |  3.0

Action                   || total
-------------------------++-------
Melee: Unarmed           ||   173
       Tailslap          ||    25
       Kick              ||     5
       Punch             ||     2
       Headbutt          ||     6
 Cast: Beastly Appendage ||    10
       Sticks to Snakes  ||     3
  Use: Potion            ||     4
 Stab: Sleeping          ||     5
  Eat: Ration            ||     1
       Chunk             ||     1
Armor: Skin              ||    31
Dodge: Dodged            ||   107

Table legend:
 A = Spawn XP
 B = Non-spawn XP
 C = Spawn XP percentage of total XP
 D = Spawn monster count
 E = Non-spawn monster count
 F = Spawn count percentage of total count
 G = Total turns spent on level
                    A         B        C        D         E        F      G
               +---------+---------+-------+---------+---------+-------+---------
         Total |       0 |      77 |   0.0 |       0 |      42 |   0.0 |  2351
               +---------+---------+-------+---------+---------+-------+---------
           D:1 |       0 |      39 |   0.0 |       0 |      23 |   0.0 |  1034
           D:2 |       0 |      34 |   0.0 |       0 |      17 |   0.0 |  1264
           D:3 |       0 |       4 |   0.0 |       0 |       2 |   0.0 |    53
               +---------+---------+-------+---------+---------+-------+---------
